 Dungeon Crawl Stone Soup version 0.30-a0-1075-gcd70e7a56d (webtiles) character file.

Game seed: 10671964905336313939

28 NateTC the Sneak (level 2, -1/14 HPs)
             Began as a Spriggan Enchanter on Apr 14, 2023.
             Killed from afar by Sigmund (7 damage)
             ... with a magic dart
             ... on level 2 of the Dungeon.
             The game lasted 00:03:11 (1181 turns).

NateTC the Sneak (Spriggan Enchanter)               Turns: 1181, Time: 00:03:12

Health: -1/14      AC:  2    Str:  4    XL:     2   Next: 96%
Magic:  7/7        EV: 17    Int: 16    God:
Gold:   42         SH:  0    Dex: 15    Spells: 5/7 levels left

rFire   . . .      SeeInvis +    a - +1 dagger
rCold   . . .      Faith    .    (no shield)
rNeg    + . .      Spirit   .    b - +0 robe
rPois   .          Reflect  .    (helmet restricted)
rElec   .          Rampage  .    (no cloak)
rCorr   .                        (gloves unavailable)
Will    .....                    (boots unavailable)
Stlth   +                        (no amulet)
HPRegen 0.22/turn                g - ring of positive energy
MPRegen 0.10/turn                (no ring)

@: confused, very quick
A: very small, no large weapons, unfitting armour, see invisible, speed 3
a: no special abilities


You were on level 2 of the Dungeon.
You visited 1 branch of the dungeon, and saw 2 of its levels.

You collected 42 gold pieces.

Inventory:

Hand Weapons
 a - a +1 dagger (weapon)
Armour
 b - a +0 robe (worn)
Jewellery
 g - a ring of positive energy (left hand)
Scrolls
 d - a scroll of fear
Potions
 c - 2 potions of invisibility
 e - a potion of might {unknown}


   Skills:
 + Level 0.7 Fighting
 - Level 1.1 Short Blades
 - Level 2.6 Dodging
 * Level 5.3 Stealth
 - Level 3.1 Spellcasting
 - Level 4.0 Hexes


You had 5 spell levels left.
You knew the following spells:

 Your Spells              Type           Power      Damage    Failure   Level
a - Ensorcelled Hibernat  Hex/Ice        16%        N/A       12%         2

Your spell library contained the following spells:

 Spells                   Type           Power      Damage    Failure   Level
 Confusing Touch          Hex            15%        N/A       11%         3
 Tukima's Dance           Hex            15%        N/A       11%         3
 Dazzling Flash           Conj/Hex       16%        N/A       24%         3


Dungeon Overview and Level Annotations

Branches:
Dungeon (2/15) Zot: 11230

Altars:

Annotations:
D:2 Sigmund


Innate Abilities, Weirdness & Mutations

You are very small and have problems with some larger weapons.
You are too small for most types of armour.
You have supernaturally acute eyesight. (SInv)
You cover ground extremely quickly. (Speed+++)


Message History

Found a scroll of fear.
There is a stone staircase leading up here.
A bat is nearby!
The helpless bat fails to defend itself.
You impale the bat!!
You kill the bat!
Your Hexes skill increases to level 4!
d - a scroll of fear You don't know any spells.
You don't know any spells.
Memorise Ensorcelled Hibernation, consuming 2 spell levels and leaving 5?
You start memorising the spell.
You continue memorising. x2
You finish memorising.
Spell assigned to 'a'.
Found 6 stones.
Sigmund the Dreaded comes into view.
He is wielding a +0 scythe.
The helpless Sigmund fails to defend himself.
You impale Sigmund!!
Sigmund is severely wounded.
Sigmund barely misses you.
You hit Sigmund but do no damage.
Sigmund is severely wounded.
You hit Sigmund.
Sigmund is almost dead.
Sigmund casts a spell at you.
You are confused.
Sigmund hits you with a +0 scythe!
Ouch! That really hurt!
You miss Sigmund.
Sigmund is almost dead.
You feel your willpower return.
You bump into the rock wall.
Sigmund misses you.
You bump into the rock wall.
Sigmund misses you.
You closely miss Sigmund.
Sigmund is almost dead.
You bump into the rock wall.
Sigmund says, "Don't worry, I'll kill you fast."
Sigmund points at you and mumbles some strange words.
The magic dart hits you!
Ouch! That really hurt!
You die...

##.## ##...# ###
...... ..# #... #.#
##...###.#
##.#.#.##.###
#.......@@..#
#(.#.#.##.#.# #
#.......# ##
#.##.###### ..###
#.##.######.#
#...#####...........#
..#.##............##
##...#.#####.####.#
#..<...#####.# #


You could see Sigmund.

Vanquished Creatures
  A dart slug (D:1)
  4 ball pythons (D:1)
  2 endoplasms (D:1)
  A giant cockroach (D:1)
  4 goblins (D:1)
  2 hobgoblins (D:1)
  2 kobolds (D:1)
  A quokka (D:1)
  2 bats
  3 frilled lizards (D:1)
  3 rats (D:1)
25 creatures vanquished.

Notes
Turn   | Place    | Note
-------+----------+-------------------------------------------
     0 | D:1      | NateTC the Spriggan Enchanter began the quest for the Orb.
     0 | D:1      | Reached XP level 1. HP: 9/9 MP: 5/5
   290 | D:1      | Reached XP level 2. HP: 12/13 MP: 6/6
   365 | D:1      | Reached skill level 5 in Stealth
  1154 | D:2      | Learned a level 2 spell: Ensorcelled Hibernation
  1167 | D:2      | Noticed Sigmund
  1181 | D:2      | Killed from afar by Sigmund

Illustrated notes

Levels and vault maps discovered:
D:1:      psy_arrival_radial02, layout_basic, grunt_decor_arrowhead
D:2:      layout_loops_ring, basic_altar, guppyfry_early_orc_mine, uniq_sigmund

Skill      XL: |  1  2 |
---------------+-------+-----
Stealth        | 5 |  5.3
Spellcasting   | 3 |  3.1
Hexes          | 4 |  4.0
Fighting       | |  0.7
Short Blades   | |  1.1
Dodging        | |  2.6

Action                     || total
---------------------------++-------
  Melee: Dagger            ||    68
    Use: Scroll            ||     3
   Stab: Sleeping          ||    12
 Armour: Robe              ||     7
  Dodge: Dodged            ||    37

Table legend: (Time is in decaauts)
 A = Elapsed time spent in this place.
 B = Non-inter-level travel time spent in this place.
 C = Inter-level travel time spent in this place.
 D = Time resting spent in this place.
 E = Time spent auto-exploring this place.
 F = Levels seen in this place.
 G = Mean time per level.
                   A        B        C        D        E       F      G
               +--------+--------+--------+--------+--------+-----+--------+
         Total |    768 |    756 |     12 |     17 |    491 |   2 |  384.0 |
       Dungeon |    768 |    756 |     12 |     17 |    491 |   2 |  384.0 |
               +--------+--------+--------+--------+--------+-----+--------+

Top non-repeatable levels by time:
     D:1: 740 daAuts
     D:2: 27 daAuts
